 Dungeon Crawl Stone Soup version 0.21.1-1-g345015f (webtiles) character file.

1680 nicolaieve the Cleaver (level 8, -3/66 HPs)
             Began as a Minotaur Berserker on June 18, 2018.
             Was an Elder of Trog.
             Killed from afar by an orc wizard (8 damage)
             ... with a puff of flame
             ... on level 7 of the Dungeon.
             The game lasted 00:19:59 (4868 turns).

nicolaieve the Cleaver (Minotaur Berserker)         Turns: 4868, Time: 00:20:00

Health: -3/66      AC: 10    Str: 21    XL:     8   Next: 70%
Magic:  7/7        EV:  9    Int:  4    God:    Trog [****..]
Gold:   220        SH:  0    Dex: 13    Spells: 7/7 levels left

rFire    . . .     SeeInvis .   a - +0 hand axe
rCold    . . .     Gourm    .   (no shield)
rNeg     . . .     Faith    .   x - +0 chain mail
rPois    +         Spirit   .   (helmet restricted)
rElec    .         Reflect  .   (no cloak)
rCorr    .         Harm     .   (no gloves)
MR       .....                  (no boots)
Stlth    ..........             C - amulet of magic regeneration
HPRegen  0.21/turn              h - ring of poison resistance
MPRegen  0.35/turn              s - ring of flight

@: confused, lethally poisoned (-3 -> -6), berserk cooldown
A: retaliatory headbutt, horns 2
a: Berserk, Trog's Hand, Brothers in Arms, Burn Spellbooks, Renounce Religion,
Evoke Flight


You were on level 7 of the Dungeon.
You worshipped Trog.
Trog was greatly pleased with you.
You were not hungry.

You visited 1 branch of the dungeon, and saw 7 of its levels.

You collected 220 gold pieces.

Inventory:

Hand Weapons
 a - a +0 hand axe (weapon)
 w - a +0 war axe
 A - a +0 war axe
 B - a +0 war axe
Armour
 b - a +0 animal skin
 d - a +0 leather armour of cold resistance
 q - a +0 leather armour
 x - a +0 chain mail (worn)
Jewellery
 h - a ring of poison resistance (left hand)
 s - a ring of flight (right hand)
 y - an uncursed ring of poison resistance
 C - an amulet of magic regeneration (around neck)
Scrolls
 e - 2 scrolls of magic mapping {unknown}
 j - 6 scrolls of identify {unknown}
 k - a scroll of amnesia {unknown}
 l - 5 scrolls of teleportation {unknown}
 m - 4 scrolls of fear {unknown}
 o - 2 scrolls of enchant weapon {unknown}
 v - 3 scrolls of remove curse {unknown}
 z - a scroll of blinking {unknown}
Potions
 f - 3 potions of lignification {unknown}
 g - a potion of haste {unknown}
 i - 2 potions of resistance {unknown}
 n - 6 potions of curing {unknown}
 p - a potion of agility {unknown}
 r - a potion of brilliance {unknown}
 t - a potion of invisibility {unknown}
 u - 2 potions of heal wounds {unknown}
 D - a potion of degeneration {unknown}
Comestibles
 c - 7 rations


   Skills:
 - Level 4.0 Fighting
 + Level 11.8 Axes
 + Level 6.8 Armour
 - Level 2.2 Dodging


You had 7 spell levels left.
You didn't know any spells.

Dungeon Overview and Level Annotations

Branches:
Dungeon (7/15)             Temple (0/1) D:5

Altars:
Dithmenos
Fedhas
Okawaru
Sif Muna
Wu Jian
Xom

Shops:
D:4 (


Innate Abilities, Weirdness & Mutations

You reflexively headbutt those who attack you in melee.
You have a pair of horns on your head.


Message History

The orc wizard gestures at you while chanting.
The magic dart hits you!
* * * LOW HITPOINT WARNING * * *
You hit the orc wizard.
The orc wizard is moderately wounded.
The orc wizard gestures at you while chanting.
You are confused.
You miss the orc wizard.
The orc wizard is moderately wounded.
You closely miss the orc wizard.
The orc wizard is moderately wounded.
The orc wizard hits you but does no damage.
You are more poisoned.
Unknown command.
You're too confused to move!
You feel sick.
The orc wizard hits you but does no damage.
You feel sick. The orc wizard casts a spell at you. The puff of flame hits you!
You die...

.%.............
...........<...#
.......<.......##
......†(†.......#
......))).......+##
......))).........#
..$......#.........
.........#........#
#.......##@......#
##........o...#..#
##....########
#..## #.. #?.# ...#
...


You could see an orc wizard.

Vanquished Creatures
  A black bear (D:7)
  A phantom (D:5)
  An ice beast (D:5)
  2 ogres
  A bullfrog (D:6)
  A wyvern skeleton (D:6)
  5 killer bees (D:7)
  2 howler monkeys (D:4)
  2 crimson imps (D:5)
  A centaur zombie (D:6)
  3 orc priests
  5 orc wizards
  2 bullfrog skeletons
  Jessica (D:3)
  3 worker ants
  An iguana (D:4)
  A howler monkey zombie (D:6)
  A howler monkey skeleton (D:5)
  4 gnolls (D:7)
  10 adders
  2 oozes (D:3)
  2 adder zombies
  3 adder skeletons
  4 worms
  5 dart slugs
  7 leopard geckos
  24 orcs
  5 giant cockroaches
  5 goblins
  9 hobgoblins
  6 jackals
  2 quokkas
  9 bats
  A frilled lizard (D:2)
  6 kobolds
  2 quokka skeletons
  8 rats
148 creatures vanquished.

Vanquished Creatures (others)
  5 toadstools (D:1)
5 creatures vanquished.

Grand Total: 153 creatures vanquished

Notes
Turn   | Place    | Note
-------+----------+-------------------------------------------
     0 | D:1      | nicolaieve the Minotaur Berserker began the quest for the Orb.
     0 | D:1      | Reached XP level 1. HP: 19/19 MP: 0/0
   134 | D:1      | Reached skill level 4 in Axes
   331 | D:1      | Reached XP level 2. HP: 26/26 MP: 1/1
   810 | D:2      | Found an iron altar of Okawaru.
  1036 | D:2      | Found a shimmering altar of Xom.
  1067 | D:2      | Reached skill level 5 in Axes
  1088 | D:2      | Reached XP level 3. HP: 21/31 MP: 2/2
  1218 | D:2      | Found a blossoming altar of Fedhas.
  1253 | D:2      | Reached XP level 4. HP: 12/39 MP: 3/3
  1453 | D:2      | Reached ** piety under Trog
  1453 | D:2      | Reached skill level 6 in Axes
  1500 | D:3      | Noticed Jessica
  1505 | D:3      | Killed Jessica
  1721 | D:3      | Reached skill level 7 in Axes
  1721 | D:3      | Reached XP level 5. HP: 33/45 MP: 4/4
  2215 | D:4      | Reached *** piety under Trog
  2282 | D:4      | Reached skill level 8 in Axes
  2285 | D:4      | Reached XP level 6. HP: 25/51 MP: 5/5
  2442 | D:4      | Found Cofarat's Antique Weapon Emporium.
  2842 | D:5      | Entered Level 5 of the Dungeon
  2891 | D:5      | Found a deep blue altar of Sif Muna.
  2906 | D:5      | Reached skill level 9 in Axes
  3155 | D:5      | Reached XP level 7. HP: 35/58 MP: 6/6
  3437 | D:5      | Reached skill level 10 in Axes
  3670 | D:5      | Found a staircase to the Ecumenical Temple.
  4044 | D:6      | Found a shadowy altar of Dithmenos.
  4149 | D:6      | Reached XP level 8. HP: 66/66 MP: 7/7
  4157 | D:6      | Reached **** piety under Trog
  4200 | D:6      | Found an ornate altar of the Wu Jian Council.
  4289 | D:6      | Reached skill level 11 in Axes
  4400 | D:6      | Reached skill level 5 in Armour
  4868 | D:7      | Killed from afar by an orc wizard

Skill      XL: |  1  2  3  4  5  6  7  8 |
---------------+-------------------------+-----
Axes           | 4 5 7 8 9 10 11 | 11.8
Armour         | 4 6 |  6.8
Fighting       | 4 |  4.0
Dodging        | |  2.2

Action                   |  1- 3 |  4- 6 |  7- 9 || total
-------------------------+-------+-------+-------++-------
Melee: Hand axe          |    70 |   163 |   144 ||   377
       Headbutt          |     7 |    31 |    30 ||    68
Invok: Berserk           |     1 |     2 |     2 ||     5
       Burn Spellbooks   |       |     1 |       ||     1
  Eat: Chunk             |     2 |     8 |     5 ||    15
       Ration            |       |       |     1 ||     1
Armor: Animal skin       |    26 |       |       ||    26
       Leather armour    |       |     3 |       ||     3
       Chain mail        |       |    39 |    67 ||   106
Dodge: Dodged            |    66 |    63 |    65 ||   194
